 Dungeon Crawl Stone Soup version 0.20-a0-631-g6870b83 (webtiles) character file.

21121 RumaTero the Cleaver (level 12, -5/96 HPs)
             Began as a Demonspawn Fighter on Feb 11, 2017.
             Was an Elder of Makhleb.
             Shot with an arrow by Nessos (9 damage)
             ... on level 4 of the Lair of Beasts.
             The game lasted 00:42:50 (13827 turns).

RumaTero the Cleaver (Demonspawn Fighter)          Turns: 13827, Time: 00:42:52

Health: -5/96      AC: 19    Str: 21    XL:     12   Next: 51%
Magic:  17/17      EV:  5    Int: 10    God:    Makhleb [****..]
Gold:   315        SH: 11    Dex: 15    Spells: 11/11 levels left

rFire    + + .     SeeInvis .   E - +3 war axe (chop)
rCold    + + .     Gourm    +   N - +0 plate armour
rNeg     . . .     Faith    .   c - +0 shield
rPois    .         Spirit   .   (no helmet)
rElec    .         Reflect  .   e - +1 cloak
rCorr    .         Harm     .   L - +0 pair of gloves
MR       .....                  (no boots)
Stlth    ..........             D - amulet of the gourmand
Regen    0.3/turn               q - ring "Quntouno" {rF+ rC+ Dex+2 Slay+2}
                                k - ring of protection from fire

@: lethally poisoned (-5 -> -62)
A: hooves 2, iridescent scales 1, cold resistance 1, icemail, powered by death
1, freezing cloud immunity
a: Minor Destruction, Lesser Servant of Makhleb, Major Destruction, Renounce
Religion


You were on level 4 of the Lair of Beasts.
You worshipped Makhleb.
Makhleb was greatly pleased with you.
You were very full.

You visited 4 branches of the dungeon, and saw 16 of its levels.

You collected 882 gold pieces.
You spent 567 gold pieces at shops.

Inventory:

Hand Weapons
 a - a +2 battleaxe
 y - a +1 falchion of flaming
 E - a +3 war axe of chopping (weapon)
 P - the +7 war axe of Mourning {distort, Str+4}
   (You found it on level 9 of the Dungeon)

   It warps and distorts space around it.
   Unwielding it can cause banishment or high damage.
   It affects your strength (+4).
Armour
 c - a +0 shield (worn)
 e - a +1 cloak (worn)
 J - the +0 leather armour of the Alphagorgon {rElec Regen+}
   (You found it on level 8 of the Dungeon)

   It insulates you from electricity.
   It increases your rate of regeneration.
 L - a +0 pair of gloves (worn)
 N - a +0 plate armour (worn)
 O - the cursed +0 ring mail "Wavuaxipp" {rCorr Slay+4 SInv, unknown}
   (You found it on level 4 of the Lair of Beasts)

   It affects your accuracy and damage with ranged weapons and melee attacks
   (+4).
   It lets you see invisible.
   It protects you from acid and corrosion.
   It has a curse placed upon it.
Jewellery
 k - a ring of protection from fire (left hand)
 p - an uncursed ring of resist corrosion
 q - the ring "Quntouno" (right hand) {rF+ rC+ Dex+2 Slay+2}
   (You bought it in a shop on level 9 of the Dungeon)

   [ring of protection from fire]

   It affects your dexterity (+2).
   It affects your accuracy and damage with ranged weapons and melee attacks
   (+2).
   It protects you from fire.
   It protects you from cold.
 D - an amulet of the gourmand (around neck)
 M - an uncursed ring of positive energy {unknown}
Wands
 m - a wand of iceblast (9/15)
 u - a wand of confusion (3/48)
 K - a wand of digging (10/24)
 Q - a wand of iceblast (1/15)
 R - a wand of acid (0/15)
Scrolls
 h - 5 scrolls of teleportation
 l - 6 scrolls of amnesia
 n - a scroll of enchant weapon
 r - a scroll of fear {unknown}
 t - 3 scrolls of remove curse
 B - 2 scrolls of immolation
 C - 6 scrolls of identify
 F - a scroll of magic mapping
 G - 5 scrolls of enchant armour
 H - 4 scrolls of recharging
Potions
 b - a potion of resistance
 d - 3 potions of might
 o - a potion of cancellation {unknown}
 s - a potion of degeneration {unknown}
 v - 11 potions of curing
 w - 4 potions of lignification
 x - 2 potions of flight {unknown}
 z - a potion of ambrosia {unknown}
 A - 4 potions of magic
 I - 2 potions of mutation {unknown}
Comestibles
 f - 10 bread rations
 g - 8 meat rations
 i - 10 royal jellies
 j - 20 fruits


   Skills:
 + Level 9.6 Fighting
 * Level 12.2 Axes
 + Level 9.0 Armour
 - Level 8.0 Shields
 + Level 7.5 Invocations


You had 11 spell levels left.
You didn't know any spells.

Dungeon Overview and Level Annotations

Branches:
Dungeon (10/15)            Temple (1/1) D:4            Lair (4/6) D:10
 Shoals (0/4) Lair:2        Snake (0/4) Lair:4          Orc (1/2) D:9

Altars:
Ashenzari
Cheibriados
Makhleb
Nemelex Xobeh
Qazlal
Ru
Uskayaw
Xom

Shops:
D:9 =   D:10 [

Annotations:
Lair:4 exclusion: oklob plant, Nessos


Innate Abilities, Weirdness & Mutations

You have hoof-like feet.
You are partially covered in iridescent scales. (AC +2)
Your flesh is cold resistant. (rC+)
A meltable icy envelope protects you from harm. (AC +0)
You regenerate a little health from kills.
You are immune to freezing clouds.


Message History

Nessos shoots an arrow.
The arrow hits you but does no damage.
You see here 2 arrows.
You feel sick.
Nessos shoots an arrow.
The arrow hits you!
You see here an arrow.
You feel sick.
Nessos blinks!
You feel sick.
Nessos shoots an arrow.
You block the arrow.
You see here an arrow.
You feel sick.
Nessos shoots an arrow.
The arrow hits you!!
* * * LOW HITPOINT WARNING * * *
The arrow burns you.
You are lethally poisoned!
* * * LOW HITPOINT WARNING * * *
You see here an arrow.
* * * LOW HITPOINT WARNING * * *
You feel very sick.
Nessos shoots an arrow.
The arrow hits you!
* * * LOW HITPOINT WARNING * * *
You are more poisoned.
Nessos shoots an arrow.
The arrow hits you!
You die...

.. P.♣≈≈P# .#... ...P
♣.≈≈.# . #....
...PP#####.# .
.#.#..#...P....().## ..
..#..#.#...P...#.#.#....
P.......###....(N§....P.
...(......# ######(##...PP
...#......########(##...P.
...#.#...@((.cN(....#....#
...#......#..PP#.........
#....#...##.###.........
##...#.###### #....####P
#.....## .....#.##
##.....## ....##...
#....#.# ...####...#
##....######### #.....
###P........# #....


You could see Nessos and a naga.

Vanquished Creatures
  3 hydras
  2 two-headed ogres
  Nergalle (Lair:2)
  A lindwurm (Lair:3)
  A manticore (Lair:2)
  6 spiny frogs
  4 komodo dragons
  A gargoyle (D:10)
  Prince Ribbit (D:5)
  Grinder (D:5)
  5 blink frogs (Lair:4)
  8 hippogriffs
  A human (D:7)
  A wyvern (Lair:4)
  15 yaks
  2 basilisks (Lair:1)
  4 hogs (D:7)
  2 hungry ghosts
  Edmund (D:5)
  A naga (Lair:4)
  Menkaure (D:6)
  6 water moccasins
  Duvessa (D:7)
  3 porcupines
  An ice beast (D:7)
  6 orc warriors
  2 sky beasts
  2 phantoms
  5 ogres
  6 wolves
  A centaur (D:8)
  10 crocodiles
  10 bullfrogs
  Blork the orc (D:6)
  Dowan (D:7)
  4 scorpions
  3 killer bees (D:7)
  5 wights (D:10)
  6 howler monkeys
  An electric eel (Lair:1)
  A bullfrog zombie (D:6)
  3 crimson imps
  7 hounds
  A jelly (D:10)
  3 orc priests
  8 orc wizards
  3 bullfrog skeletons
  Ijyb (D:3)
  2 centaur skeletons
  3 iguanas
  5 worker ants
  A killer bee zombie (D:7)
  A hound skeleton (D:9)
  A mummy (D:6)
  3 worker ant zombies
  6 gnolls
  11 adders
  A shadow imp (D:9)
  2 oozes
  2 adder zombies
  2 worms (D:2)
  2 dart slugs
  12 leopard geckos
  34 orcs
  5 bats
  8 giant cockroaches
  5 goblins (D:1)
  5 hobgoblins
  5 jackals
  8 kobolds
  5 quokkas
  2 ball pythons
  5 frilled lizards
  A leopard gecko zombie (D:5)
  3 rats
  2 fungi (D:10)
305 creatures vanquished.

Vanquished Creatures (others)
  A jelly (D:5)
  4 plants
5 creatures vanquished.

Grand Total: 310 creatures vanquished

Notes
Turn   | Place    | Note
-------+----------+-------------------------------------------
     0 | D:1      | RumaTero the Demonspawn Fighter began the quest for the Orb.
     0 | D:1      | Reached XP level 1. HP: 18/18 MP: 1/1
    70 | D:1      | Reached skill level 2 in Axes
   107 | D:1      | Gained mutation: You are partially covered in iridescent scales. (AC +2) [demonic ancestry]
   107 | D:1      | Reached XP level 2. HP: 23/24 MP: 2/2
   518 | D:2      | Reached XP level 3. HP: 29/29 MP: 3/3
   923 | D:2      | Reached skill level 3 in Axes
  1009 | D:2      | Gained mutation: Your flesh is cold resistant. (rC+) [demonic ancestry]
  1009 | D:2      | Reached XP level 4. HP: 16/35 MP: 4/4
  2263 | D:3      | Reached XP level 5. HP: 39/41 MP: 5/5
  2294 | D:3      | Noticed a phantom
  2350 | D:3      | Killed a phantom
  2350 | D:3      | Reached skill level 4 in Axes
  2542 | D:3      | Noticed Ijyb
  2553 | D:3      | Killed Ijyb
  2553 | D:3      | Reached XP level 6. HP: 47/47 MP: 6/6
  3012 | D:4      | Found a staircase to the Ecumenical Temple.
  3023 | Temple   | Entered the Ecumenical Temple
  3060 | Temple   | Became a worshipper of Makhleb the Destroyer
  3266 | D:4      | Gained mutation: You are immune to freezing clouds. [demonic ancestry]
  3266 | D:4      | Reached XP level 7. HP: 54/54 MP: 7/7
  3637 | D:5      | Entered Level 5 of the Dungeon
  3658 | D:5      | Reached skill level 5 in Axes
  4092 | D:5      | Noticed Prince Ribbit
  4110 | D:5      | Killed Prince Ribbit
  4291 | D:5      | Gained mutation: You have large cloven feet. [demonic ancestry]
  4291 | D:5      | Reached XP level 8. HP: 51/61 MP: 8/8
  4329 | D:5      | Reached skill level 6 in Axes
  4381 | D:5      | Noticed Edmund
  4392 | D:5      | Killed Edmund
  4392 | D:5      | Reached skill level 5 in Shields
  4472 | D:5      | Found a stormy altar of Qazlal.
  4523 | D:5      | Reached * piety under Makhleb
  4527 | D:5      | Noticed Grinder
  4547 | D:5      | Killed Grinder
  4547 | D:5      | Reached skill level 5 in Fighting
  4631 | D:5      | Reached skill level 5 in Armour
  5037 | D:6      | Noticed Menkaure
  5212 | D:6      | Killed Menkaure
  5212 | D:6      | Reached skill level 7 in Axes
  5792 | D:6      | Gained mutation: You regenerate a little health from kills. [demonic ancestry]
  5792 | D:6      | Reached XP level 9. HP: 61/68 MP: 9/9
  6028 | D:6      | Noticed Blork the orc
  6040 | D:6      | Killed Blork the orc
  6156 | D:6      | Found a snail-covered altar of Cheibriados.
  7028 | D:7      | Reached ** piety under Makhleb
  7047 | D:7      | Reached skill level 8 in Axes
  7659 | D:7      | Noticed Dowan
  7670 | D:7      | Noticed Duvessa
  7695 | D:7      | Killed Duvessa
  7715 | D:7      | Killed Dowan
  8080 | D:8      | Reached skill level 9 in Axes
  8080 | D:8      | Gained mutation: A meltable icy envelope protects you from harm. (AC +0) [demonic ancestry]
  8080 | D:8      | Reached XP level 10. HP: 77/77 MP: 10/10
  8364 | D:8      | Got an ancient leather armour
  8365 | D:8      | Identified the cursed +0 leather armour of the Alphagorgon {rElec Regen+} (You found it on level 8 of the Dungeon)
  8686 | D:9      | Noticed a two-headed ogre
  8697 | D:9      | Killed a two-headed ogre
  8976 | D:9      | Found a staircase to the Orcish Mines.
  8997 | D:9      | Got a faintly glowing war axe
  8998 | D:9      | Identified the +7 war axe of Mourning {distort, Str+4} (You found it on level 9 of the Dungeon)
  9176 | D:9      | Reached skill level 1 in Invocations
  9279 | D:9      | Found Fiubixor's Jewellery Shoppe.
  9389 | D:10     | Entered Level 10 of the Dungeon
  9443 | D:10     | Reached *** piety under Makhleb
  9494 | D:10     | Found a staircase to the Lair.
  9520 | D:10     | Reached skill level 10 in Axes
  9664 | D:10     | Noticed a two-headed ogre
  9707 | D:10     | Killed a two-headed ogre
  9707 | D:10     | Gained mutation: You have hoof-like feet. [demonic ancestry]
  9707 | D:10     | Reached XP level 11. HP: 48/86 MP: 13/13
  9963 | D:10     | HP: 4/86 [something (11)]
 10096 | Orc:1    | Entered Level 1 of the Orcish Mines
 10176 | Orc:1    | Noticed an orc knight
 10244 | D:10     | Found Kokiuh's Antique Armour Emporium.
 10308 | D:9      | Bought the ring "Quntouno" {rF+ rC+ Dex+2 Slay+2} for 567 gold pieces
 10480 | Lair:1   | Entered Level 1 of the Lair of Beasts
 10480 | Lair:1   | Found a labyrinth entrance.
 11023 | Lair:1   | Reached **** piety under Makhleb
 11478 | Lair:2   | Reached skill level 11 in Axes
 11514 | Lair:2   | Found a staircase to the Shoals.
 11527 | Lair:2   | Reached skill level 5 in Invocations
 11659 | Lair:2   | Noticed a five-headed hydra
 11671 | Lair:2   | Killed a one-headed hydra
 11814 | Lair:2   | Noticed Nergalle
 11829 | Lair:2   | Killed Nergalle
 12602 | Lair:3   | Reached XP level 12. HP: 95/95 MP: 16/16
 12775 | Lair:3   | Noticed a seven-headed hydra
 12792 | Lair:3   | Killed a one-headed hydra
 13471 | Lair:4   | Reached skill level 12 in Axes
 13542 | Lair:4   | Noticed a six-headed hydra
 13551 | Lair:4   | Killed a one-headed hydra
 13805 | Lair:4   | Found a staircase to the Snake Pit.
 13808 | Lair:4   | Noticed Nessos
 13808 | Lair:4   | Got a steaming ring mail
 13827 | Lair:4   | HP: 4/96 [Nessos/arrow (12)]
 13827 | Lair:4   | Shot with an arrow by Nessos

Vault maps used:
D:1:      minmay_arrival_five_plusses
D:2:      first_bread
D:3:      uniq_iyjb
D:4:      minmay_temple_entry_crystal_x
D:5:      nicolae_qazlal_eye_of_the_storm, uniq_edmund, uniq_prince_ribbit1,
          uniq_grinder
D:6:      chei_slow_surprise, uniq_blork_the_orc, uniq_menkaure
D:7:      enter_bailey_1, grunt_livestock, minmay_misc_feat_cross,
          minmay_misc_feat_five, uniq_duvessa
D:9:      orc_0_dummy, serial_shops, shop
D:10:     grunt_lair_entry_orc_guard_hut, serial_shops, shop
Temple:   minmay_crystal_snake_temple
Lair:1:   lab_entry_generic, serial_bayou_shore_a, lemuel_fruit_fields,
          lemuel_fruit_tree
Lair:2:   minmay_shoals_entry_beasts, uniq_nergalle
Lair:3:   infiniplex_staircase_pool_2, grunt_megastairs_2
Lair:4:   guppyfry_snake_entry_garden, st_stairs_13, minmay_lair_oklob_chamber,
          uniq_josephine, uniq_nessos, uniq_sonja
Orc:1:    orc_temple, serial_shops, nicolae_shop_behind_doors, uniq_harold,
          uniq_snorg

Skill      XL: |  1  2  3  4  5  6  7  8  9 10 11 12 |
---------------+-------------------------------------+-----
Axes           | 2 3 4 5 7 9 10 11 12 | 12.2
Shields        | 3 4 5 6 7 8 |  8.0
Armour         | 3 4 5 6 7 8 9 |  9.0
Fighting       | 4 5 6 7 9 |  9.6
Invocations    | 3 6 7 |  7.5

Action                   |  1- 3 |  4- 6 |  7- 9 | 10-12 || total
-------------------------+-------+-------+-------+-------++-------
Melee: War axe           |    95 |    35 |   178 |   505 ||   813
       Dagger            |       |   139 |   254 |       ||   393
       Kick              |       |       |   124 |   188 ||   312
       Falchion          |       |       |     7 |    26 ||    33
Evoke: Wand              |       |       |       |     7 ||     7
  Use: Scroll            |       |    11 |     1 |     8 ||    20
       Potion            |       |       |     2 |     1 ||     3
  Eat: Chunk             |       |     3 |    20 |    26 ||    49
       Bread ration      |       |     1 |     1 |       ||     2
Armor: Scale mail        |    46 |    67 |   172 |    15 ||   300
       Leather armour    |       |       |       |   267 ||   267
       Plate armour      |       |       |       |     4 ||     4
Dodge: Dodged            |    21 |    41 |   110 |   171 ||   343
Block: Shield            |    43 |    72 |   196 |   313 ||   624
       Rpst.: Falchion   |       |       |     1 |     1 ||     2
